 Dungeon Crawl Stone Soup version 0.29.1 (webtiles) character file.

Game seed: 11763304171737679673

229 Frenzy the Chopper (level 6, -3/53 HPs)
             Began as a Hill Orc Fighter on Sept 13, 2022.
             Slain by an ogre
             ... wielding a +0 giant club
              (12 damage)
             ... on level 6 of the Dungeon.
             The game lasted 00:11:08 (1874 turns).

Frenzy the Chopper (Hill Orc Fighter)               Turns: 1874, Time: 00:11:08

Health: -3/53      AC:  8    Str: 27    XL:     6   Next: 3%
Magic:  6/6        EV:  8    Int:  8    God:
Gold:   193        SH:  9    Dex: 10    Spells: 5/5 levels left

rFire   . . .      SeeInvis .   a - +1 war axe
rCold   . . .      Faith    .   h - +1 kite shield
rNeg    . . .      Spirit   .   b - +0 scale mail
rPois   .          Reflect  .   o - +0 helmet
rElec   .          Harm     .   (no cloak)
rCorr   .          Rampage  .   (no gloves)
Will    .....                   (no boots)
Stlth   ..........              (no amulet)
HPRegen 0.17/turn               l - +6 ring of strength
MPRegen 0.10/turn               (no ring)

@: no status effects
A: no striking features
a: no special abilities


You were on level 6 of the Dungeon.
You visited 1 branch of the dungeon, and saw 4 of its levels.

You collected 193 gold pieces.

Inventory:

Hand Weapons
 a - a +1 war axe (weapon)
Armour
 b - a +0 scale mail (worn)
 c - a +0 buckler
 h - a +1 kite shield (worn)
 o - a +0 helmet (worn)
Jewellery
 l - a +6 ring of strength (left hand)
Wands
 q - a wand of digging (5)
Scrolls
 e - 2 scrolls of blinking
 f - a scroll of teleportation
 g - a scroll of enchant weapon
 p - a scroll of fear {unknown}
Potions
 d - a potion of might
 i - a potion of invisibility
 j - a potion of brilliance
 k - a potion of curing
 m - a potion of attraction {unknown}
 n - a potion of heal wounds {unknown}


   Skills:
 + Level 4.6 Fighting
 + Level 5.5 Axes
 + Level 4.0 Armour
 + Level 1.0 Dodging
 + Level 0.1 Stealth
 + Level 4.2 Shields


You had 5 spell levels left.
You didn't know any spells.
Your spell library contained the following spells:

 Spells                   Type           Power      Damage    Failure   Level
 Magic Dart               Conj           0%         1d3       95%         1
 Sandblast                Erth           0%         2d4       95%         1
 Call Imp                 Summ           0%         N/A       99%         2
 Passwall                 Tmut/Erth      0%         N/A       99%         2
 Gell's Gravitas          Tloc           0%         N/A       100%        3
 Mephitic Cloud           Conj/Pois/Air  0%         N/A       100%        3
 Stone Arrow              Conj/Erth      0%         3d7       100%        3
 Teleport Other           Tloc           0%         N/A       100%        3
 Dispersal                Tloc           0%         N/A       100%        6


Dungeon Overview and Level Annotations

Branches:
Dungeon (3/15)

Altars:

Shops:
D:3 (


Message History

a +0 club; a +0 scale mail You now have 193 gold pieces (gained 12).
A sourceless malevolence fills the Dungeon...
You fall into a shaft and drop 3 floors!
The shaft crumbles and collapses.
Found a spear.
Okay, then.
You open the door.
There is an open door here.
You open the door.
There is an open door here.
An ogre comes into view. It is wielding a +0 giant club.
The ogre shouts!
You block the ogre's attack.
You hit the ogre.
The ogre is lightly wounded.
You hit the ogre.
The ogre is moderately wounded.
You block the ogre's attack.
You barely miss the ogre.
The ogre is moderately wounded.
The ogre barely misses you.
You hit the ogre.
The ogre is moderately wounded.
You block the ogre's attack.
You slash the ogre!
The ogre is severely wounded.
The ogre hits you with a +0 giant club!
You barely miss the ogre.
The ogre is severely wounded.
The ogre hits you with a +0 giant club!
* * * LOW HITPOINT WARNING * * *
You hit the ogre but do no damage.
The ogre is severely wounded.
The ogre closely misses you.
You barely miss the ogre.
The ogre is severely wounded.
The ogre hits you with a +0 giant club!
You die...

### .. ..
#. ###..
#....####
####
#..O..#
#....
##@.##..#
#.
#......#
#..
###...##
.. +...#
.#
###.###.#
#.....##
+.##...#
#......#
#####.##.#


You could see an ogre.

Vanquished Creatures
  A scorpion (D:3)
  Ijyb (D:3)
  Robin (D:2)
  4 adders
  A worm (D:3)
  2 dart slugs
  An orc (D:3)
  2 ball pythons
  9 bats
  6 endoplasms
  4 giant cockroaches
  13 goblins
  13 hobgoblins
  7 jackals
  4 kobolds
  5 quokkas
  A frilled lizard (D:3)
  5 rats
80 creatures vanquished.

Notes
Turn   | Place    | Note
-------+----------+-------------------------------------------
     0 | D:1      | Frenzy the Hill Orc Fighter began the quest for the Orb.
     0 | D:1      | Reached XP level 1. HP: 19/19 MP: 1/1
   207 | D:1      | Reached XP level 2. HP: 27/27 MP: 2/2
   282 | D:1      | Reached skill level 3 in Axes
   377 | D:1      | Found a faded altar of an unknown god.
   433 | D:1      | Reached XP level 3. HP: 29/33 MP: 3/3
   890 | D:2      | Reached XP level 4. HP: 39/40 MP: 4/4
  1239 | D:2      | Noticed Robin
  1257 | D:2      | Killed Robin
  1262 | D:2      | Reached skill level 4 in Axes
  1532 | D:3      | Reached skill level 1 in Dodging
  1581 | D:3      | Reached XP level 5. HP: 44/47 MP: 5/5
  1631 | D:3      | Found Ciaffubb's Weapon Shop.
  1805 | D:3      | Reached skill level 5 in Axes
  1810 | D:3      | Noticed Ijyb
  1828 | D:3      | Killed Ijyb
  1829 | D:3      | Reached XP level 6. HP: 31/53 MP: 6/6
  1845 | D:3      | You fall into a shaft and drop 3 floors!
  1874 | D:6      | Slain by an ogre

Illustrated notes

Levels and vault maps discovered:
D:1:      scummos_arrival_simple_crosswalls, layout_loops_ring,
          shapermc_ecumenical_altar_hornbeckon
D:2:      layout_loops_ring, uniq_robin
D:3:      layout_rooms, serial_shops, shop, uniq_ijyb
D:6:      nicolae_cairo_tiling_large, layout_rooms

Skill      XL: |  1  2  3  4  5 |
---------------+----------------+-----
Axes           | 3 4 5 |  5.5
Fighting       | 4 |  4.6
Shields        | 4 |  4.2
Dodging        | 1 |  1.0
Armour         | 4 |  4.0
Stealth        | |  0.1

Action                   |  1- 3 |  4- 6 || total
-------------------------+-------+-------++-------
Melee: War axe           |    79 |   146 ||   225
  Use: Scroll            |     4 |     4 ||     8
Armor: Scale mail        |    55 |    67 ||   122
Dodge: Dodged            |    43 |    63 ||   106
Block: Buckler           |     8 |       ||     8
       Kite shield       |    24 |    76 ||   100
